 Dungeon Crawl Stone Soup version 0.17-a0-1485-g22cb0ee (webtiles) character file.

8846 mrath the Ducker (level 11, -1/105 HPs)
             Began as a Troll Chaos Knight on July 5, 2015.
             Succumbed to a black mamba's poison
             ... on level 1 of the Lair of Beasts.
             The game lasted 04:03:27 (11905 turns).

mrath the Ducker (Troll Chaos Knight)              Turns: 11905, Time: 04:03:28

Health: -1/105     AC: 11    Str: 25    XL:     11   Next: 15%
Magic:  10/10      EV: 12    Int:  4    God:    Xom [......]
Gold:   557        SH:  0    Dex:  9    Spells: 2 memorised, 8 levels left

rFire  . . .     SeeInvis .       - Unarmed
rCold  . . .     Clarity  +     a - +2 robe
rNeg   + . .     SustAt   .     (no shield)
rPois  +         Gourm    +     f - +2 hat
rElec  .         Spirit   .     B - +2 cloak {rPois}
rCorr  .         Warding  .     (gloves unavailable)
rMut   .         Stasis   +     (boots unavailable)
MR     .....                    N - amulet of stasis
Stlth  +++.......               y - ring of positive energy
                                p - ring of stealth

@: lethally poisoned (-1 -> -17), not resistant to hostile enchantments, fairly
stealthy
A: unfitting armour, claws 3, clarity, deformed body, dopey 2, fast metabolism
3, gourmand, regeneration 2, shaggy fur 1, tough skin 2, wild magic 1
a: Renounce Religion


You were on level 1 of the Lair of Beasts.
You worshipped Xom.
You were a very special plaything of Xom.
You were not hungry.

You visited 2 branches of the dungeon, and saw 11 of its levels.

You collected 557 gold pieces.

Inventory:

Hand weapons
 k - a +0 blowgun
 r - a +3 hand axe of freezing
 z - a +2 shortbow of flaming
 E - a +3 shortbow of chaos
 G - a +3 dagger of chaos
 P - a +0 hunting sling
 R - a +2 hand axe of venom
 T - the +7 hand axe "Vucuq" {pain, +Blink +Inv rElec Str-4}
   (You found it on level 8 of the Dungeon)

   In the hands of one skilled in necromantic magic, it inflicts extra damage on
   living creatures.
   It affects your strength (-4).
   It insulates you from electricity.
   It lets you turn invisible.
   It lets you blink.
 W - the +4 short sword of Vanity {flame, rElec rF+ Str-3 Dex+4}
   (You found it on level 8 of the Dungeon)

   It has been specially enchanted to burn those struck by it, causing extra
   injury to most foes and up to half again as much damage against particularly
   susceptible opponents.
   It affects your strength (-3).
   It affects your dexterity (+4).
   It protects you from fire.
   It insulates you from electricity.
 Z - a +4 trident
Missiles
 c - 17 bolts of frost
 g - 283 stones
 j - 41 poisoned needles
 l - 193 arrows
 q - 21 bolts
 u - 132 sling bullets
 C - 11 arrows of frost
 F - 12 exploding sling bullets
 J - 9 tomahawks (quivered)
Armour
 a - a +2 robe (worn)
 f - a +2 hat (worn)
 B - a +2 cloak of poison resistance (worn)
Jewellery
 n - an uncursed ring of ice
 p - a ring of stealth (left claw)
 y - a ring of positive energy (right claw)
 N - an amulet of stasis (around neck)
 O - an uncursed ring of ice
Magical devices
 o - a wand of flame (32)
 A - a wand of random effects (25)
 D - a wand of confusion (23)
 K - a wand of hasting (2)
 M - a wand of digging (13)
 Y - a wand of slowing (30)
Scrolls
 e - 7 scrolls of teleportation
 i - 2 scrolls of remove curse
 m - 2 scrolls of blinking
 s - 2 scrolls of fog
 t - 5 scrolls of amnesia
 H - 2 scrolls of fear
 V - 2 scrolls of identify
Potions
 d - a potion of agility
 v - a potion of haste
Books
 w - a book of Callings

   Spells                             Type                      Level
   a - Summon Small Mammal            Summoning                    1
   b - Call Imp                       Summoning                    2
   c - Call Canine Familiar           Summoning                    3
   d - Summon Guardian Golem          Hexes/Summoning              3
   e - Summon Lightning Spire         Summoning/Air                4
   f - Summon Ice Beast               Ice/Summoning                4
 Q - a book of Power

   Spells                             Type                      Level
   a - Fulminant Prism                Conjuration/Hexes            4
   b - Iskenderun's Mystic Blast      Conjuration                  4
   c - Venom Bolt                     Conjuration/Poison           5
   d - Bolt of Magma                  Conjuration/Fire/Earth       5
   e - Iron Shot                      Conjuration/Earth            6
   f - Orb of Destruction             Conjuration                  7
   g - Spellforged Servitor           Conjuration/Summoning        7
 S - Sif Muna's Compendium of Talismans
   (You found it on level 7 of the Dungeon)

   Spells                             Type                      Level
   a - Infusion                       Charms                       1
Miscellaneous
 L - a phial of floods
Comestibles
 b - 7 bread rations
 h - 11 fruits
 I - 10 royal jellies
 X - a beef jerky


   Skills:
 + Level 6.0 Fighting
 + Level 0.7 Short Blades
 + Level 1.6(4.0) Slings
 + Level 2.8 Bows
 + Level 7.6(7.8) Throwing
 + Level 7.9 Dodging
 + Level 3.4 Stealth
 + Level 7.6 Unarmed Combat
 + Level 0.7 Evocations


You had 8 spell levels left.
You knew the following spells:

 Your Spells              Type           Power        Failure   Level  Hunger
a - Summon Small Mammal   Summ           #...         75%         1    ##.....
b - Infusion              Chrm           #.....       75%         1    ##.....


Dungeon Overview and Level Annotations

Branches:
Dungeon (10/15)            Temple (0/1) D:5            Lair (1/8) D:10
    Orc: D:9-12

Altars:
Ashenzari
Fedhas
Okawaru
Qazlal
Sif Muna
Trog
Vehumet
The Shining One

Annotations:
D:9 exclusion: statue


Innate Abilities, Weirdness & Mutations

You are too large for most types of armour.
You have claws for hands.
Your metabolism is lightning-fast.
You like to eat raw meat.
You heal very quickly.
You are covered in fur (AC +1).
You have very tough skin (AC +2).
You possess an exceptional clarity of mind.
Armour fits poorly on your strangely shaped body.
You are very dopey. (Int -4)
Your spells are a little harder to cast, but a little more powerful.


Message History

You feel very sick.
* * * LOW HITPOINT WARNING * * *
You feel very sick.
Eat which item? (? for menu, Esc to quit)
* * * LOW HITPOINT WARNING * * *
You feel very sick.
That beef jerky was delicious!
Drink which item? (? for menu, Esc to quit)
You feel less in control of your magic.
You feel fantastic!
* * * LOW HITPOINT WARNING * * *
You feel very sick.
There is a lethal amount of poison in your body!
* * * LOW HITPOINT WARNING * * *
You feel very sick.
You see here a sheep corpse.
* * * LOW HITPOINT WARNING * * *
You feel very sick.
You die...
Xom roars with laughter!

#.......†.....# .....##
##...........#####........
#........(...# #..........
#...........## #..........
#...........# ##..........
#..........###...........
#.......†####............
##
#........###............
.##
###....@##.#............
..# #...##..#.............
###
#.#.#####..........[...
###### ##.#
#.........†.... #
##....###.#
#.............P
###........####
#...^..........
##............#
#..........[...
..............#
#............##
.............#
##..........##


There were no monsters in sight!

Vanquished Creatures
  A hydra (Lair:1)
  A hill giant (D:10)
  A troll (D:9)
  Prince Ribbit (Lair:1)
  4 blink frogs (Lair:1)
  Sigmund (D:2)
  A wyvern (D:10)
  A yak (Lair:1)
  A deep elf fighter (D:10)
  A hippogriff (D:8)
  A soldier ant (D:8)
  2 orc warriors
  A wasp (D:8)
  2 ice beasts
  2 black bears
  5 centaurs
  2 ogres
  A crocodile (Lair:1)
  A brain worm (D:8)
  A wyvern zombie (D:9)
  8 giant frogs
  A wyvern skeleton (D:8)
  3 scorpions
  A killer bee (D:10)
  12 wights
  3 crimson imps
  3 centaur zombies
  2 giant frog zombies
  14 orc wizards
  2 giant frog skeletons
  4 iguanas
  A hound (D:6)
  A jelly (D:10)
  4 orc priests
  2 centaur skeletons
  Jessica (D:3)
  6 worker ants
  6 sheep (Lair:1)
  A hound skeleton (D:9)
  11 gnolls
  10 adders
  16 river rats
  2 shadow imps
  An adder zombie (D:7)
  An ooze (D:1)
  An adder skeleton (D:6)
  2 worms
  4 giant geckos
  26 orcs
  10 giant cockroaches
  9 hobgoblins
  16 jackals
  17 kobolds
  5 quokkas
  A ball python (D:3)
  21 bats
  3 giant newts
  14 goblins
  48 rats
  A bush (D:5)
325 creatures vanquished.

Vanquished Creatures (collateral kills)
  A hill giant (D:10)
  The ghost of emikaela the Chopper, an average OpWn (D:3)
  An ogre (D:5)
  A crocodile (D:10)
  A gnoll sergeant (D:10)
  A killer bee (D:10)
  A worker ant (D:5)
  An orc wizard (D:10)
  An adder (D:10)
  A gnoll (D:10)
  2 orcs (D:10)
  A bat (D:10)
13 creatures vanquished.

Vanquished Creatures (others)
  2 wights (D:6)
  2 killer bees (D:10)
  A gnoll shaman (D:7)
  An orc wizard (D:7)
  4 gnolls
  2 bats
  A rat (D:6)
  A fungus (D:10)
14 creatures vanquished.

Grand Total: 352 creatures vanquished

Notes
Turn   | Place    | Note
--------------------------------------------------------------
     0 | D:1      | mrath the Troll Chaos Knight began the quest for the Orb.
     0 | D:1      | Reached XP level 1. HP: 22/22 MP: 0/0
    32 | D:1      | XOM: harmless Chrm miscast
   154 | D:1      | Reached XP level 2. HP: 29/29 MP: 1/1
   263 | D:1      | XOM: 4-stop teleportation journey
   447 | D:1      | XOM: harmless Divn miscast
   466 | D:1      | Reached XP level 3. HP: 29/36 MP: 2/2
   952 | D:2      | Noticed Sigmund
   986 | D:2      | Killed Sigmund
   986 | D:2      | Reached skill level 4 in Unarmed Combat
   986 | D:2      | Reached XP level 4. HP: 2/45 MP: 3/3
   986 | D:2      | Reached XP level 5. HP: 2/53 MP: 4/4
  1179 | D:2      | Reached skill level 1 in Throwing
  1254 | D:2      | XOM: summons 3 hostile shadow creatures
  1887 | D:3      | Noticed emikaela's ghost (average OpWn)
  1888 | D:3      | XOM: harmless Chrm miscast
  1894 | D:3      | XOM: summons 5 friendly demons
  1905 | D:3      | Killed emikaela's ghost
  1905 | D:3      | Reached XP level 6. HP: 56/61 MP: 5/5
  2124 | D:3      | Noticed Jessica
  2133 | D:3      | Killed Jessica
  2446 | D:3      | Learned a level 1 spell: Summon Small Mammal
  2474 | D:4      | XOM: severe Erth miscast
  2529 | D:4      | XOM: harmless Pois miscast
  2566 | D:4      | XOM: harmless Air miscast
  2576 | D:4      | Reached skill level 5 in Unarmed Combat
  2615 | D:4      | XOM: summons 3 hostile demons
  2621 | D:4      | Reached XP level 7. HP: 42/68 MP: 6/6
  2762 | D:4      | XOM: noise
  2803 | D:4      | Found a blossoming altar of Fedhas.
  3126 | D:4      | XOM: medium Fire miscast
  3310 | D:4      | XOM: vitrification
  3502 | D:5      | Entered Level 5 of the Dungeon
  3546 | D:5      | XOM: enchant monster (good)
  3581 | D:5      | XOM: divination: magic mapping
  3647 | D:5      | XOM: harmless Necr miscast
  3754 | D:5      | XOM: divination: detect creatures
  3891 | D:5      | XOM: summons friendly quasit
  3902 | D:5      | XOM: summons 7 friendly demons
  3935 | D:5      | Found a shattered altar of Ashenzari.
  3966 | D:5      | Found an iron altar of Okawaru.
  4005 | D:5      | XOM: polymorph shadow imp -> crimson imp
  4179 | D:5      | XOM: medium Trmt miscast
  4299 | D:5      | XOM: chaos upgrade
  4416 | D:5      | Reached XP level 8. HP: 78/78 MP: 7/7
  4699 | D:5      | Found a staircase to the Ecumenical Temple.
  4799 | D:5      | XOM: medium Pois miscast
  4801 | D:5      | Reached skill level 1 in Stealth
  4890 | D:6      | XOM: enchant monster (good)
  4983 | D:6      | XOM: colour smoke trail
  5104 | D:6      | XOM: potion effect (brilliance)
  5119 | D:6      | Reached skill level 6 in Unarmed Combat
  5124 | D:6      | XOM: mild Air miscast
  5215 | D:6      | XOM: 2-stop teleportation journey
  5222 | D:6      | XOM: harmless Chrm miscast
  5366 | D:6      | Reached skill level 5 in Dodging
  5666 | D:6      | XOM: confusion
  5677 | D:6      | XOM: smoke on damage
  5679 | D:6      | Reached skill level 5 in Throwing
  5724 | D:6      | XOM: summons 4 hostile demons
  5918 | D:7      | XOM: harmless Pois miscast
  5967 | D:7      | XOM is BORED!
  5967 | D:7      | XOM: 2-stop teleportation journey
  5970 | D:7      | XOM: harmless Divn miscast
  5971 | D:7      | XOM: mild Air miscast
  5973 | D:7      | XOM: summons friendly crimson imp
  5979 | D:6      | XOM: harmless Summ miscast
  5980 | D:6      | XOM: summons friendly crimson imp
  6013 | D:6      | XOM: repel stairs
  6015 | D:6      | XOM: summons 3 hostile demons
  6017 | D:6      | XOM: enchant monster (bad)
  6028 | D:6      | XOM: cast spell 'Cause Fear'
  6033 | D:6      | XOM: destruction
  6402 | D:7      | XOM: 3-stop teleportation journey
  6408 | D:7      | XOM: polymorph hobgoblin -> kobold
  6430 | D:7      | Reached XP level 9. HP: 85/85 MP: 8/8
  6449 | D:7      | XOM: destruction
  6509 | D:7      | Found a deep blue altar of Sif Muna.
  6786 | D:7      | XOM: silly message
  6808 | D:7      | XOM: mild Necr miscast
  6863 | D:7      | XOM: chaos upgrade
  6869 | D:7      | XOM: confuse monster(s)
  6882 | D:7      | Reached skill level 5 in Fighting
  7024 | D:7      | XOM: mild Tloc miscast
  7139 | D:7      | Identified Sif Muna's Compendium of Talismans
  7152 | D:8      | Got a shimmering hand axe
  7262 | D:8      | Got a warped short sword
  7267 | D:8      | Identified the +7 hand axe "Vucuq" {pain, +Blink +Inv rElec Str-4} (You found it on level 8 of the Dungeon)
  7268 | D:8      | Identified the +4 short sword of Vanity {flame, rElec rF+ Str-3 Dex+4} (You found it on level 8 of the Dungeon)
  7324 | D:8      | XOM: harmless Air miscast
  7330 | D:8      | XOM: give mutations
  7330 | D:8      | Gained mutation: You are dopey. (Int -2) [Xom's mischief]
  7330 | D:8      | Gained mutation: You are very dopey. (Int -4) [Xom's mischief]
  7330 | D:8      | Gained mutation: You expend magic power (3 MP) to strengthen your wands. [Xom's mischief]
  7568 | D:8      | Reached skill level 1 in Slings
  7744 | D:8      | XOM: silly message
  7906 | D:8      | XOM: enchant monster (good)
  8063 | D:8      | Reached skill level 1 in Bows
  8131 | D:8      | Found a bloodstained altar of Trog.
  8257 | D:8      | Found an iron altar of Okawaru.
  8712 | D:9      | XOM: medium Trmt miscast
  8727 | D:9      | Reached XP level 10. HP: 21/96 MP: 5/9
  8865 | D:9      | XOM: give mutations
  8865 | D:9      | Gained mutation: You possess an exceptional clarity of mind. [Xom's mischief]
  8865 | D:9      | Lost mutation: You expend magic power (3 MP) to strengthen your wands. [Xom's mischief]
  8865 | D:9      | Gained mutation: Armour fits poorly on your strangely shaped body. [Xom's mischief]
  9289 | D:9      | Found a radiant altar of Vehumet.
  9565 | D:9      | Found a stormy altar of Qazlal.
  9637 | D:10     | Entered Level 10 of the Dungeon
  9658 | D:10     | XOM: mild Trmt miscast
  9740 | D:10     | Learned a level 1 spell: Infusion
  9795 | D:10     | Reached skill level 7 in Throwing
  9940 | D:10     | XOM: cast spell 'Summon Small Mammal'
  9945 | D:10     | XOM: destruction
  9958 | D:10     | XOM: summons 2 friendly demons
  9965 | D:10     | Noticed a hill giant
  9980 | D:10     | Killed a hill giant
 10141 | D:10     | Found a staircase to the Lair.
 10337 | D:10     | Noticed a hill giant
 10351 | D:10     | Killed a hill giant
 10583 | D:10     | Found a glowing golden altar of the Shining One.
 10651 | D:10     | XOM: god gift: phial of floods
 10765 | D:10     | XOM: god gift: royal jelly
 10868 | Lair:1   | Entered Level 1 of the Lair of Beasts
 10868 | Lair:1   | Noticed a five-headed hydra
 10888 | Lair:1   | Killed a seven-headed hydra
 10914 | Lair:1   | XOM: harmless Divn miscast
 11060 | Lair:1   | XOM: noise
 11083 | Lair:1   | Reached XP level 11. HP: 98/105 MP: 10/10
 11381 | Lair:1   | Noticed Prince Ribbit
 11397 | Lair:1   | Killed Prince Ribbit
 11409 | Lair:1   | XOM: severe Ice miscast
 11577 | Lair:1   | XOM: harmless Divn miscast
 11629 | Lair:1   | XOM: severe Hex miscast
 11902 | Lair:1   | Gained mutation: Your spells are a little harder to cast, but a little more powerful. [potion of beneficial mutation]
 11903 | Lair:1   | HP: 3/105 [poisoned by a black mamba]
 11904 | Lair:1   | HP: 1/105 [poisoned by a black mamba]
 11905 | Lair:1   | Succumbed to a black mamba's poison

Vault maps used:
D:1:      mrwooster_arrival_arrow
D:2:      uniq_sigmund
D:3:      first_bread, minmay_rats_cheesy_pizza, uniq_jessica
D:4:      lemuel_round_altar, kennysheep_generic_room_12
D:5:      overflow_temple_1_default, kb_lookout_dungeons_type,
          okawaru_gym_becter
D:7:      led_sif_book
D:8:      kennysheep_mini_moat, kennysheep_little_box, hangedman_pestilent_swarm
D:9:      vehumet_statue, nicolae_qazlal_style_of_elements
D:10:     grunt_lair_entry_elf_guard_hut, nicolae_tso_swordbearing_angel
Lair:1:   uniq_prince_ribbit2

Action                   |  1- 3 |  4- 6 |  7- 9 | 10-12 || total
-------------------------+-------+-------+-------+-------++-------
Melee: Unarmed           |    86 |   186 |   259 |   240 ||   771
       Dagger            |       |       |    86 |       ||    86
       Hand axe          |       |       |     7 |       ||     7
       Short sword       |       |       |     5 |       ||     5
 Fire: Blowgun           |     3 |    15 |   115 |    58 ||   191
       Shortbow          |       |       |    45 |    49 ||    94
       Hunting sling     |       |       |    26 |       ||    26
Throw: Tomahawk          |     6 |       |    36 |    20 ||    62
       Stone             |    27 |    79 |    93 |       ||   199
Evoke: Wand              |       |       |     2 |     8 ||    10
  Use: Scroll            |     6 |     5 |    15 |     6 ||    32
       Potion            |     1 |     1 |     5 |     5 ||    12
 Stab: Sleeping          |     1 |       |    13 |     7 ||    21
       Distracted        |       |     2 |     2 |       ||     4
       Confused          |       |       |       |     2 ||     2
  Eat: Chunk             |     2 |    10 |    38 |    17 ||    67
       Bread ration      |     1 |     1 |       |       ||     2
       Pizza             |       |       |     3 |     2 ||     5
       Meat ration       |       |       |     2 |     1 ||     3
       Royal jelly       |       |       |     1 |       ||     1
       Beef jerky        |       |       |     1 |     3 ||     4
